 Dungeon Crawl Stone Soup version 0.28-a0-1128-gb845255321 (webtiles) character file.

Game seed: 10223650638289829984

5867 LadyOphelia the Slicer (level 10, -5/96 HPs)
             Began as a Minotaur Berserker on Dec 12, 2021.
             Was an Elder of Trog.
             Slain by a yak (11 damage)
             ... on level 9 of the Dungeon.
             The game lasted 00:31:40 (11272 turns).

LadyOphelia the Slicer (Minotaur Berserker)        Turns: 11272, Time: 00:31:41

Health: -5/96      AC:  7    Str: 27    XL:     10   Next: 52%
Magic:  10/10      EV: 14    Int:  4    God:    Trog [****..]
Gold:   374        SH:  5    Dex:  9    Spells: 9/9 levels left

rFire   . . .      SeeInvis .   q - +4 short sword
rCold   . . .      Faith    .   (no shield)
rNeg    + . .      Spirit   .   r - +2 steam dragon scales
rPois   +          Reflect  +   (helmet restricted)
rElec   .          Harm     .   (no cloak)
rCorr   +          Rampage  .   (no gloves)
Will    .....                   (no boots)
Stlth   ++........              h - amulet of reflection
HPRegen 0.26/turn               m - ring of resist corrosion
MPRegen 0.12/turn               o - ring of positive energy

@: no status effects
A: horns 2, retaliatory headbutt, high mp 1, poison resistance, robust 1
a: Renounce Religion, Berserk, Trog's Hand, Brothers in Arms


You were on level 9 of the Dungeon.
You worshipped Trog.
Trog was greatly pleased with you.
You visited 1 branch of the dungeon, and saw 9 of its levels.

You collected 374 gold pieces.

Inventory:

Hand Weapons
 a - a +1 hand axe
 j - a +1 short sword of draining
 q - a +4 short sword (weapon)
 s - a +2 halberd of freezing
 t - a +3 great sword
Missiles
 k - 3 throwing nets
Armour
 r - +2 steam dragon scales (worn)
 y - a +0 pair of gloves
Jewellery
 h - an amulet of reflection (around neck)
 m - a ring of resist corrosion (left hand)
 o - a ring of positive energy (right hand)
 A - a ring of fire
Wands
 i - a wand of iceblast (6)
 l - a wand of acid (7)
 z - a wand of paralysis (12)
 B - a wand of digging (4)
 C - a wand of flame (9) (quivered)
Scrolls
 b - 2 scrolls of fog
 c - a scroll of silence
 d - a scroll of magic mapping
 e - 3 scrolls of identify
 f - 3 scrolls of fear
 u - a scroll of enchant armour
 v - a scroll of blinking {unknown}
 x - a scroll of teleportation {unknown}
 D - a scroll of immolation {unknown}
Potions
 g - 4 potions of magic
 n - a potion of flight
 p - a potion of berserk rage
 w - a potion of heal wounds {unknown}


   Skills:
 + Level 7.8 Fighting
 * Level 11.1 Short Blades
 - Level 6.2 Axes
 + Level 2.9 Armour
 + Level 7.9 Dodging
 + Level 4.2 Stealth
 + Level 5.4 Shields


You had 9 spell levels left.
You didn't know any spells.
Your spell library contained the following spells:

 Spells                   Type           Power      Damage    Failure   Level
 Magic Dart               Conj           0%         1d3       50%         1
 Slow                     Hex            0%         N/A       50%         1
 Searing Ray              Conj           0%         2d4       65%         2
 Confusing Touch          Hex            0%         N/A       86%         3
 Conjure Flame            Conj/Fire      0%         6-21      86%         3
 Ignite Poison            Fire/Tmut/Pois 0%         N/A       86%         3
 Vampiric Draining        Necr           0%         2d6       86%         3
 Fulminant Prism          Conj/Hex       0%         3d6       99%         4
 Sticky Flame             Conj/Fire      0%         2d3       99%         4
 Yara's Violent Unravell  Hex/Tmut       0%         3d3       100%        5


Dungeon Overview and Level Annotations

Branches:
Dungeon (9/15)             Temple (0/1) D:4
   Lair: D:8-11         Orc: D:9-12

Altars:
Ashenzari
Hepliaklqana
Makhleb
Nemelex Xobeh
Okawaru
Qazlal
Sif Muna
Uskayaw
Yredelemnul
Zin

Annotations:
D:8 2 runed translucent doors


Innate Abilities, Weirdness & Mutations

You have a pair of horns on your head.
You reflexively headbutt those who attack you in melee.
You have an increased reservoir of magic. (+10% MP)
Your system is resistant to poisons. (rPois)
You are robust. (+10% HP)


Message History

There is a stone staircase leading down here.
You now have 367 gold pieces (gained 9).
Found 7 gold pieces.
Found a stone staircase leading up.
A yak comes into view.
You see here 7 gold pieces.
A red ugly thing comes into view.
The red ugly thing gurgles horribly!
A yak comes into view. x2
You now have 374 gold pieces (gained 7).
There are no items here.
A yak comes into view.
The red ugly thing tail-slaps you.
You are engulfed in flames!!
You hit the red ugly thing but do no damage.
You headbutt the red ugly thing!
The red ugly thing is lightly wounded.
You hit the red ugly thing but do no damage.
The red ugly thing is lightly wounded.
The red ugly thing tail-slaps you.
You are engulfed in flames!
You closely miss the red ugly thing.
The yak bellows!
You headbutt the red ugly thing.
The red ugly thing is lightly wounded.
You puncture the red ugly thing!
The red ugly thing is moderately wounded.
The yak gores you. The red ugly thing barely misses you.
You furiously retaliate!
You headbutt the red ugly thing! You barely miss the red ugly thing.
You headbutt the red ugly thing, but do no damage.
The red ugly thing is heavily wounded.
You block the yak's attack. The red ugly thing tail-slaps you.
You are engulfed in flames!
You block the yak's attack.
There is a stone staircase leading up here.
The red ugly thing tail-slaps you!
* * * LOW HITPOINT WARNING * * *
You are engulfed in flames!!
* * * LOW HITPOINT WARNING * * *
The yak gores you!
You die...

#.. #..# #..# ... #..#
.Y.. #..# .... #..# .....
###############..###.....
#................u.Y.....
#.......# #####.@YY#.....
#.# ...#....######
#.###########.#........##
#>.......................
#.#####.#####..........##
#.# #.# ############
#.#####.#######
..............#
#############.##


You could see a red ugly thing and 3 yaks.

Vanquished Creatures
  A two-headed ogre (D:9)
  A deep elf pyromancer (D:7)
  A centaur zombie (D:7)
  A kobold demonologist (D:7)
  A wyvern (D:4)
  A steam dragon (D:6)
  5 vampire mosquitoes
  The ghost of fritzmikael the Ducker, an amateur DjWz of Fedhas (D:3)
  3 water moccasins (D:7)
  3 ice beasts
  A hornet zombie (D:5)
  2 sky beasts
  3 orc warriors
  A black bear (D:7)
  An ogre (D:7)
  A centaur (D:8)
  A phantom (D:7)
  3 kobold brigands
  2 bullfrogs
  2 scorpions (D:5)
  A wyvern skeleton (D:5)
  6 killer bees (D:9)
  2 howler monkeys (D:7)
  4 wights (D:7)
  2 lava snakes (D:9)
  3 hounds
  4 orc priests
  5 orc wizards
  3 iguanas
  A hound skeleton (D:4)
  2 howler monkey zombies
  7 gnolls
  2 howler monkey skeletons (D:6)
  5 adders
  A white imp (D:8)
  2 ufetubi
  An adder skeleton (D:4)
  A worm (D:2)
  A dart slug (D:1)
  22 orcs
  3 bats
  7 endoplasms
  2 giant cockroaches (D:2)
  7 hobgoblins
  11 jackals
  3 quokkas
  7 ball pythons
  4 frilled lizards
  7 goblins
  27 kobolds
  5 rats
193 creatures vanquished.

Vanquished Creatures (others)
  A fungus (D:1)
1 creature vanquished.

Grand Total: 194 creatures vanquished

Notes
Turn   | Place    | Note
-------+----------+-------------------------------------------
     0 | D:1      | LadyOphelia the Minotaur Berserker began the quest for the
                  | Orb.
     0 | D:1      | Reached XP level 1. HP: 19/19 MP: 0/0
   314 | D:1      | Reached XP level 2. HP: 27/27 MP: 1/1
   721 | D:1      | Reached ** piety under Trog
   778 | D:1      | Found a faded altar of an unknown god.
   853 | D:1      | Reached XP level 3. HP: 19/33 MP: 2/2
  1806 | D:2      | Reached XP level 4. HP: 40/40 MP: 3/3
  1821 | D:1      | Gained mutation: You are partially covered in iridescent
                  | scales. (AC +2) [potion of mutation]
  1821 | D:1      | Gained mutation: Your system is resistant to poisons.
                  | (rPois) [potion of mutation]
  1821 | D:1      | Gained mutation: Your mind is acute. (Int +2) [potion of
                  | mutation]
  1821 | D:1      | Gained mutation: You have an increased reservoir of magic.
                  | (+10% MP) [potion of mutation]
  2103 | D:2      | Reached skill level 5 in Axes
  2112 | D:2      | Reached XP level 5. HP: 47/47 MP: 4/4
  2796 | D:2      | Reached skill level 1 in Shields
  3376 | D:3      | Found a burning altar of Makhleb.
  3471 | D:3      | Noticed fritzmikael's ghost (amateur DjWz)
  3474 | D:3      | Found a runed translucent gate.
  3474 | D:3      | Found a runed translucent gate.
  3476 | D:3      | Found a runed translucent gate.
  3515 | D:3      | Killed fritzmikael's ghost
  3516 | D:3      | Reached skill level 1 in Stealth
  3516 | D:3      | Reached XP level 6. HP: 55/55 MP: 5/5
  3980 | D:3      | Found a shimmering blue altar of Sif Muna.
  4012 | D:4      | Noticed a water elemental
  4012 | D:4      | Found a stormy altar of Qazlal.
  4017 | D:4      | Noticed an air elemental
  4067 | D:4      | Reached *** piety under Trog
  4068 | D:4      | Reached skill level 5 in Fighting
  4068 | D:4      | Reached skill level 1 in Short Blades
  4229 | D:4      | Noticed a wyvern
  4237 | D:4      | Killed a wyvern
  4238 | D:4      | Reached skill level 2 in Short Blades
  4238 | D:4      | Reached XP level 7. HP: 43/61 MP: 6/6
  4755 | D:4      | Found a staircase to the Ecumenical Temple.
  4977 | D:4      | Noticed a fire elemental
  5014 | D:5      | Entered Level 5 of the Dungeon
  5045 | D:5      | Found a hazy altar of Hepliaklqana.
  5105 | D:5      | Reached skill level 3 in Short Blades
  5318 | D:5      | Reached skill level 4 in Short Blades
  5318 | D:5      | Reached skill level 5 in Dodging
  5451 | D:5      | Found a sparkling altar of Nemelex Xobeh.
  5490 | D:5      | Reached XP level 8. HP: 57/69 MP: 7/7
  5752 | D:5      | Lost mutation: Your mind is acute. (Int +2) [potion of
                  | mutation]
  5752 | D:5      | Lost mutation: You are partially covered in iridescent
                  | scales. (AC +2) [potion of mutation]
  5752 | D:5      | Gained mutation: You are robust. (+10% HP) [potion of
                  | mutation]
  5954 | D:6      | Reached skill level 5 in Short Blades
  6491 | D:6      | Reached skill level 6 in Short Blades
  6558 | D:6      | Found an iron altar of Okawaru.
  7328 | D:7      | Reached skill level 7 in Short Blades
  7691 | D:7      | Reached XP level 9. HP: 82/82 MP: 8/8
  7781 | D:7      | Reached skill level 8 in Short Blades
  7788 | D:7      | Found a broken altar of Ashenzari.
  7980 | D:7      | Reached skill level 9 in Short Blades
  8453 | D:7      | Noticed a kobold demonologist
  8465 | D:7      | Killed a kobold demonologist
  8470 | D:7      | Noticed a deep elf pyromancer
  8482 | D:7      | Killed a deep elf pyromancer
  8483 | D:7      | Reached skill level 10 in Short Blades
  8483 | D:7      | Reached XP level 10. HP: 87/94 MP: 10/10
  9296 | D:8      | Reached **** piety under Trog
  9590 | D:8      | Found a runed translucent door.
  9853 | D:8      | Found a glowing silver altar of Zin.
  9974 | D:8      | Found a runed translucent door.
 10181 | D:9      | Found a hide-covered altar of Uskayaw.
 10181 | D:9      | Found a basalt altar of Yredelemnul.
 10193 | D:9      | Noticed a two-headed ogre
 10202 | D:9      | Killed a two-headed ogre
 10203 | D:9      | Reached skill level 5 in Shields
 10833 | D:9      | Reached skill level 11 in Short Blades
 11259 | D:9      | Noticed a red ugly thing
 11272 | D:9      | Slain by a yak

Illustrated notes

Levels and vault maps discovered:
D:1:      kilobyte_arrival_exit_the_forest, layout_loops_ring,
          shapermc_ecumenical_altar_mp_ritualfount
D:2:      layout_basic
D:3:      layout_basic, nicolae_sif_muna_little_library, bloody_makhleb,
          gammafunk_ghost_split, roderic_roman_lattice,
          chequers_serial_rivers_small_a
D:4:      layout_gridville, nicolae_qazlal_style_of_elements,
          minmay_temple_entry_overgrown, minmay_misc_feat_nine_boxes
D:5:      layout_rooms, lemuel_coloured_pillars_altar,
          nemelex_xobeh_ov_fountains_minmay
D:6:      layout_cave_pods, nicolae_overflow_hidden_temple
D:7:      minmay_chambers_of_sixes, layout_loops_ring, lemuel_round_altar,
          st_stairs_2, grunt_ogre_cave
D:8:      lemuel_insect_pit, layout_basic, zin_scriptorium,
          hangedman_decor_clover_reticule
D:9:      layout_basic, nicolae_tso_carved_into_rock,
          mainiacjoe_overflow_large_starburst, kennysheep_boxes

Skill      XL: |  1  2  3  4  5  6  7  8  9 10 |
---------------+-------------------------------+-----
Fighting       | 4 5 6 7 |  7.8
Axes           | 4 5 6 |  6.2
Dodging        | 3 4 5 6 7 |  7.9
Shields        | 1 2 3 4 5 |  5.4
Stealth        | 1 2 3 4 |  4.2
Short Blades   | 2 4 7 10 11 | 11.1
Armour         | |  2.9

Action                   |  1- 3 |  4- 6 |  7- 9 | 10-12 || total
-------------------------+-------+-------+-------+-------++-------
Melee: Hand axe          |    71 |    80 |       |       ||   151
       Headbutt          |    10 |    14 |    44 |    23 ||    91
       Short sword       |       |    26 |   268 |   109 ||   403
Invok: Berserk           |     1 |     3 |     4 |     1 ||     9
       Trog's Hand       |       |       |     1 |     1 ||     2
  Use: Potion            |       |     2 |     4 |       ||     6
       Scroll            |       |     6 |     8 |     1 ||    15
 Stab: Sleeping          |       |     4 |     1 |       ||     5
Armor: Animal skin       |    13 |    35 |    23 |       ||    71
       Steam dragon scal |       |       |    35 |    31 ||    66
Dodge: Dodged            |    71 |    66 |   134 |    96 ||   367
Block: Other             |     8 |    28 |    55 |    35 ||   126
       Reflection        |       |     2 |     3 |     5 ||    10

Table legend: (Time is in decaauts)
 A = Elapsed time spent in this place.
 B = Non-inter-level travel time spent in this place.
 C = Inter-level travel time spent in this place.
 D = Time resting spent in this place.
 E = Time spent auto-exploring this place.
 F = Levels seen in this place.
 G = Mean time per level.
                   A        B        C        D        E       F      G
               +--------+--------+--------+--------+--------+-----+--------+
         Total |  11261 |  11009 |    252 |   2812 |   6000 |   9 | 1251.2 |
       Dungeon |  11261 |  11009 |    252 |   2812 |   6000 |   9 | 1251.2 |
               +--------+--------+--------+--------+--------+-----+--------+

Top non-repeatable levels by time:
     D:1: 1698 daAuts
     D:7: 1655 daAuts
     D:2: 1644 daAuts
     D:6: 1388 daAuts
     D:8: 1140 daAuts
     D:9: 1112 daAuts
     D:4: 1009 daAuts
     D:5: 903 daAuts
     D:3: 708 daAuts
